 Dungeon Crawl Stone Soup version 0.18.1-6-gd335043 (webtiles) character file.

2153 VnlS the Grappler (level 9, 0/78 (79) HPs)
             Began as a Ghoul Monk on May 18, 2016.
             Was a High Priest of Cheibriados.
             Slain by an orc warrior
             ... wielding a +0 glaive
              (18 damage)
             ... on level 8 of the Dungeon.
             The game lasted 00:25:18 (5549 turns).

VnlS the Grappler (Ghoul Monk)                      Turns: 5549, Time: 00:25:19

HP:   0/78 (79)     AC: 11    Str: 31    XL:     9   Next: 31%
MP:   8/8           EV: 18    Int: 17    God:    Cheibriados [*****.]
Gold: 390           SH:  0    Dex: 26    Spells: 0 memorised, 8 levels left

rFire  . . .     SeeInvis .       - Unarmed
rCold  + . .     Gourm    .     Q - +0 troll leather armour (curse)
rNeg   + + +     Faith    .     (no shield)
rPois  ∞         Spirit   .     I - +0 helmet
rElec  .         Dismiss  .     r - +1 cloak
rCorr  .         Reflect  .     (no gloves)
SustAt .         Harm     .     f - +2 pair of boots
MR     .....                    (no amulet)
Stlth  +++.......               J - +4 ring of slaying
                                s - +4 ring of strength

@: rotting, very slow, not resistant to hostile enchantments, fairly stealthy
A: rotting body, claws 1, carnivore 3, cold resistance 1, negative energy
resistance 3, slow regeneration 1, torment resistance, unbreathing
a: Bend Time, Temporal Distortion, Slouch, Step From Time, Renounce Religion


You were on level 8 of the Dungeon.
You worshipped Cheibriados.
Cheibriados was extremely pleased with you.
You were not hungry.

You visited 1 branch of the dungeon, and saw 7 of its levels.

You collected 390 gold pieces.

Inventory:

Armour
 a - a +0 robe
 f - a +2 pair of boots (worn)
 r - a +1 cloak (worn)
 C - a +0 chain mail
 I - a +0 helmet (worn)
 L - a +0 cloak
 Q - a cursed +0 troll leather armour (worn)
Jewellery
 l - an uncursed ring of magical power
 s - a +4 ring of strength (left claw)
 v - an uncursed amulet of the gourmand {unknown}
 G - an uncursed amulet of harm {unknown}
 J - a +4 ring of slaying (right claw)
 N - the ring "Coqel" {rC+ Int+3 Dex+4, unknown}
   (You found it on level 8 of the Dungeon)

   [ring of protection from cold]

   It affects your intelligence (+3).
   It affects your dexterity (+4).
   It protects you from cold.
 R - an uncursed ring of sustain attributes {unknown}
Wands
 u - a wand of teleportation (5/9)
Scrolls
 d - a scroll of random uselessness {unknown}
 e - 6 scrolls of identify {unknown}
 h - 5 scrolls of remove curse {unknown}
 i - a scroll of teleportation {unknown}
 k - 2 scrolls of magic mapping {unknown}
 n - a scroll of fog {unknown}
 p - a scroll of blinking {unknown}
 t - 2 scrolls of enchant weapon {unknown}
 y - a scroll of immolation {unknown}
 A - 6 scrolls of amnesia {unknown}
Potions
 c - 4 potions of curing {unknown}
 g - 2 potions of ambrosia {unknown}
 j - a potion of brilliance {unknown}
 m - a potion of beneficial mutation {unknown}
 o - a potion of cancellation {unknown}
 q - 3 potions of flight {unknown}
 w - a potion of haste {unknown}
 z - a potion of lignification {unknown}
 E - 2 potions of mutation {unknown}
 F - 2 potions of degeneration {unknown}
 K - a potion of invisibility {unknown}
 O - a potion of heal wounds {unknown}
 P - a potion of magic {unknown}
Books
 H - a book of Flames

   Spells                             Type                      Level
   a - Flame Tongue                   Conjuration/Fire             1
   b - Throw Flame                    Conjuration/Fire             2
   c - Conjure Flame                  Conjuration/Fire             3
   d - Inner Flame                    Hexes/Fire                   3
   e - Sticky Flame                   Conjuration/Fire             4
   f - Fireball                       Conjuration/Fire             5
 M - a book of Spatial Translocations

   Spells                             Type                      Level
   a - Apportation                    Translocation                1
   b - Blink                          Translocation                2
   c - Shroud of Golubria             Charms/Translocation         2
   d - Portal Projectile              Translocation                3
   e - Teleport Other                 Translocation                3
   f - Passage of Golubria            Translocation                4
Comestibles
 b - 3 meat rations
 x - 3 beef jerkies
 B - 11 royal jellies
 D - a slice of pizza


   Skills:
 + Level 7.5 Fighting
 + Level 4.5 Armour
 + Level 5.7 Dodging
 - Level 2.1 Stealth
 + Level 8.9 Unarmed Combat


You had 8 spell levels left.
You didn't know any spells.

Dungeon Overview and Level Annotations

Branches:
Dungeon (8/15)
 Temple: D:4-7         Lair: D:8-11

Altars:
Cheibriados
Dithmenos
Fedhas
Gozag
Kikubaaqudgha
Nemelex Xobeh
Okawaru
Pakellas
Vehumet
Xom
The Shining One

Shops:
D:7 *


Innate Abilities, Weirdness & Mutations

Your body is rotting away.
You thrive on raw meat.
You are immune to poison.
You have sharp fingernails.
You are carnivorous and can eat meat at any time.
Your flesh is cold resistant.
You are immune to negative energy.
You regenerate slowly when monsters are visible.
You are immune to unholy pain and torment.
You can survive without breathing.


Message History

You are too injured to fight recklessly!
You are too injured to fight recklessly!
You closely miss the worker ant.
The worker ant is almost dead.
The orc closely misses you. The worker ant closely misses you.
The orc completely misses you. The orc warrior closely misses you.
You scratch the worker ant.
You kill the worker ant!
Cheibriados thoroughly appreciates the change of pace.
The orc hits you with a hand axe.
* * * LOW HITPOINT WARNING * * *
The orc completely misses you.
You mangle the orc!!
You kill the orc!
Cheibriados appreciates the change of pace.
The orc warrior hits you from afar with a glaive.
* * * LOW HITPOINT WARNING * * *
The orc barely misses you.
The orc warrior hits you with a glaive!!
You die...

..# #.#
#........#....... ####
#.# ##........#.....##
... ...............<..
##########....###.....##
.........#....# #.....#
.......+....###.....##
.....#......#.......
#.o.#......###'#...
#)@o#......# #.+...
#...#......# ###...
#...#......### #...
#...######...# #...
#.......##...# #...
#.......##...# ####
+....?..##...# #..
#####...##...# #..
#...##...# #..


You could see an orc warrior and an orc.

Vanquished Creatures
  Grinder (D:4)
  A wraith (D:8)
  2 ice beasts
  A phantom (D:7)
  A centaur (D:5)
  A giant frog (D:7)
  Blork the orc (D:4)
  An elf skeleton (D:8)
  3 killer bees (D:8)
  2 wights (D:8)
  An electric eel (D:8)
  4 howler monkeys
  A crimson imp (D:7)
  A giant frog zombie (D:5)
  4 orc priests
  3 human zombies (D:8)
  3 jellies (D:8)
  5 orc wizards
  Crazy Yiuf (D:2)
  3 human skeletons (D:8)
  Ijyb (D:2)
  2 worker ants
  A hound zombie (D:5)
  A mummy (D:8)
  6 adders
  5 oozes (D:8)
  An adder skeleton (D:4)
  A worm (D:4)
  2 dart slugs
  6 giant geckos
  22 orcs
  A ball python (D:1)
  3 bats
  6 giant cockroaches
  10 goblins
  7 hobgoblins
  6 jackals
  A quokka (D:2)
  6 giant newts
  7 kobolds
  An orc zombie (D:8)
  6 rats
142 creatures vanquished.

Notes
Turn   | Place    | Note
--------------------------------------------------------------
     0 | D:1      | VnlS the Ghoul Monk began the quest for the Orb.
     0 | D:1      | Reached XP level 1. HP: 19/19 MP: 0/0
    42 | D:1      | Reached XP level 2. HP: 2/25 MP: 1/1
    43 | D:1      | HP: 1/25 [giant newt (1)]
   428 | D:1      | Reached XP level 3. HP: 22/31 MP: 2/2
   795 | D:2      | Found a snail-covered altar of Cheibriados.
   837 | D:2      | Reached skill level 5 in Unarmed Combat
   865 | D:2      | Became a worshipper of Cheibriados the Contemplative
   865 | D:2      | Reached * piety under Cheibriados
   865 | D:2      | Reached ** piety under Cheibriados
  1652 | D:2      | Reached XP level 4. HP: 40/40 MP: 3/3
  1712 | D:2      | Noticed Crazy Yiuf
  1722 | D:2      | Killed Crazy Yiuf
  1875 | D:2      | Noticed Ijyb
  1884 | D:2      | Killed Ijyb
  1884 | D:2      | Reached XP level 5. HP: 36/46 MP: 4/4
  2105 | D:3      | Found an oddly glowing altar of Pakellas.
  2605 | D:3      | Reached *** piety under Cheibriados
  2684 | D:3      | Found a radiant altar of Vehumet.
  2915 | D:4      | Found a blossoming altar of Fedhas.
  2988 | D:4      | Reached XP level 6. HP: 38/53 MP: 5/5
  2995 | D:4      | Reached skill level 6 in Unarmed Combat
  3113 | D:4      | Found a glowing golden altar of the Shining One.
  3168 | D:4      | Noticed Grinder
  3192 | D:4      | Killed Grinder
  3192 | D:4      | Reached skill level 5 in Fighting
  3192 | D:4      | Reached skill level 1 in Armour
  3192 | D:4      | Reached XP level 7. HP: 52/61 MP: 6/6
  3217 | D:4      | Noticed Blork the orc
  3238 | D:4      | Killed Blork the orc
  3539 | D:4      | Found a shadowy altar of Dithmenos.
  3701 | D:4      | Reached skill level 7 in Unarmed Combat
  3855 | D:4      | Found a sparkling altar of Nemelex Xobeh.
  4174 | D:5      | Entered Level 5 of the Dungeon
  4174 | D:5      | Found an iron altar of Okawaru.
  4188 | D:5      | Reached **** piety under Cheibriados
  4330 | D:5      | Reached XP level 8. HP: 69/70 MP: 7/7
  4437 | D:5      | You fall through a shaft for 2 floors!
  4480 | D:7      | Found a shimmering altar of Xom.
  4524 | D:7      | Found Faranoi's General Store.
  4822 | D:7      | Reached skill level 5 in Dodging
  4840 | D:7      | Reached skill level 8 in Unarmed Combat
  5047 | D:8      | Got a glittering amber ring
  5053 | D:8      | Found an opulent altar of Gozag.
  5065 | D:8      | Reached ***** piety under Cheibriados
  5190 | D:8      | Reached XP level 9. HP: 70/79 MP: 8/8
  5274 | D:8      | Found an ancient bone altar of Kikubaaqudgha.
  5549 | D:8      | Slain by an orc warrior

Skill      XL: |  1  2  3  4  5  6  7  8 |
---------------+-------------------------+-----
Dodging        | 3 4 5 |  5.7
Unarmed Combat | 5 6 7 8 |  8.9
Fighting       | 4 5 7 |  7.5
Armour         | 1 2 4 |  4.5
Stealth        | |  2.1

Action                   |  1- 3 |  4- 6 |  7- 9 || total
-------------------------+-------+-------+-------++-------
Melee: Unarmed           |   135 |   101 |   234 ||   470
       Punch             |     1 |     5 |    13 ||    19
Invok: Bend Time         |       |     1 |       ||     1
 Stab: Sleeping          |     2 |     3 |     6 ||    11
  Eat: Chunk             |    22 |    16 |    32 ||    70
Armor: Robe              |    18 |     9 |       ||    27
       Chain mail        |       |    14 |    97 ||   111
       Troll leather arm |       |       |    17 ||    17
Dodge: Dodged            |    87 |    43 |   170 ||   300
